 Dungeon Crawl Stone Soup version 0.27-a0-679-g77a6b55cf3 (webtiles) character file.

Game seed: 16721364280514991090

154 scammafunk the Ruffian (level 5, -1/50 HPs)
             Began as a Troll Warper on Mar 18, 2021.
             Was a Plaything of Xom.
             Killed from afar by an orc wizard (9 damage)
             ... with a magic dart
             ... on level 3 of the Dungeon.
             The game lasted 00:06:38 (1466 turns).

scammafunk the Ruffian (Troll Warper)               Turns: 1466, Time: 00:06:39

Health: -1/50      AC:  4    Str: 20    XL:     5   Next: 13%
Magic:  6/6        EV:  9    Int:  9    God:    Xom [..*...]
Gold:   172        SH:  0    Dex:  9    Spells: 5/7 levels left

rFire    . . .     SeeInvis .     - Unarmed
rCold    . . .     Faith    .   (no shield)
rNeg     . . .     Spirit   .   a - +0 robe
rPois    .         Reflect  .   (helmet restricted)
rElec    .         Harm     .   (no cloak)
rCorr    .         Rampage  .   (gloves unavailable)
Will     .....                  (boots unavailable)
Stlth    +.........             (no amulet)
HPRegen  1.16/turn              (no ring)
MPRegen  0.10/turn              (no ring)

@: no status effects
A: large, unfitting armour, claws 3, regeneration 1, shaggy fur 1, tough skin 1
a: Renounce Religion


You were on level 3 of the Dungeon.
You worshipped Xom.
You were a toy of Xom.
You visited 1 branch of the dungeon, and saw 3 of its levels.

You collected 172 gold pieces.

Inventory:

Missiles
 d - 5 boomerangs of dispersal
Armour
 a - a +0 robe (worn)
Scrolls
 c - 2 scrolls of blinking
 e - a scroll of identify {unknown}
 f - a scroll of acquirement {unknown}
 h - a scroll of fog {unknown}
Potions
 b - a potion of heal wounds {unknown}
 g - a potion of curing {unknown}
 i - a potion of ambrosia {unknown}
 j - a potion of brilliance {unknown}


   Skills:
 + Level 2.5 Fighting
 - Level 0.8 Throwing
 - Level 1.9 Dodging
 + Level 3.2 Unarmed Combat
 + Level 1.9 Spellcasting
 + Level 2.9 Translocations


You had 5 spell levels left.
You knew the following spells:

 Your Spells              Type           Power      Damage    Failure   Level
a - Blink                 Tloc           N/A        N/A       16%         2

Your spell library contained the following spells:

 Spells                   Type           Power      Damage    Failure   Level
 Gell's Gravitas          Tloc           3%         N/A       30%         3
 Lesser Beckoning         Tloc           3%         N/A       30%         3
 Teleport Other           Tloc           6%         N/A       30%         3
 Manifold Assault         Tloc           6%         N/A       71%         4


Dungeon Overview and Level Annotations

Branches:
Dungeon (3/15)

Altars:
Xom
The Shining One


Innate Abilities, Weirdness & Mutations

You are too large for most types of armour.
You have claws for hands.
Your natural rate of healing is unusually fast.
You are covered in fur. (AC +1)
You have tough skin. (AC +1)


Message History

The orc wizard is moderately wounded.
The orc wizard barely misses you. The orc barely misses you.
You miss the orc wizard.
The orc wizard is moderately wounded.
The orc wizard barely misses you. The orc hits you with a +0 dagger.
You claw the orc wizard!
The orc wizard is almost dead.
The orc wizard barely misses you. The orc hits you with a +0 dagger.
You barely miss the orc wizard.
The orc wizard is almost dead.
The orc wizard hits you with a +0 dagger.
The orc hits you but does no damage.
You barely miss the orc wizard.
The orc wizard is almost dead.
The orc wizard gestures at itself while chanting.
The orc wizard flickers and vanishes!
Deactivating autopickup; reactivate with Ctrl-A.
The orc hits you with a +0 dagger.
You are too injured to fight recklessly!
You are too injured to fight recklessly!
You are too injured to fight recklessly!
You are too injured to fight recklessly!
You are too injured to fight recklessly!
You are too injured to fight recklessly!
You are too injured to fight recklessly!
You are too injured to fight recklessly!
You scratch the orc.
The orc is moderately wounded.
You hear some strange, mumbled words.
A magic dart appears from out of thin air!
The magic dart hits you. The orc hits you with a +0 dagger.
You scratch the orc.
The orc is severely wounded.
Something hits you!
* * * LOW HITPOINT WARNING * * *
The orc hits you with a +0 dagger.
* * * LOW HITPOINT WARNING * * *
A magic dart appears from out of thin air!
The magic dart hits you!
You die...

#.. #.. #..
############### #..
#.............####..
#.###########.......
#.# #......#######.
#.###....... #..
#..@..........####..
####.o..............
#{...............
#.>........##....
#................
##...............
.........###..#
.........###...
..........#.....


You could see an orc.

Vanquished Creatures
  An orc priest (D:3)
  5 adders
  An ooze (D:2)
  3 worms (D:2)
  A dart slug (D:1)
  An orc (D:3)
  4 bats
  8 giant cockroaches
  9 goblins
  7 hobgoblins
  7 jackals
  2 kobolds (D:2)
  2 frilled lizards
  9 rats
60 creatures vanquished.

Notes
Turn   | Place    | Note
-------+----------+-------------------------------------------
     0 | D:1      | scammafunk the Troll Warper began the quest for the Orb.
     0 | D:1      | Reached XP level 1. HP: 19/19 MP: 1/1
   108 | D:1      | Reached XP level 2. HP: 28/28 MP: 3/3
   254 | D:1      | Learned a level 2 spell: Blink
   600 | D:1      | Reached XP level 3. HP: 35/35 MP: 4/4
   996 | D:2      | Reached XP level 4. HP: 42/42 MP: 5/5
  1095 | D:2      | Found a glowing golden altar of the Shining One.
  1102 | D:2      | Became a worshipper of the Shining One
  1170 | D:3      | Found a shimmering altar of Xom.
  1265 | D:3      | Fell from the grace of the Shining One
  1265 | D:3      | Became a worshipper of Xom of Chaos
  1270 | D:3      | XOM: silly message
  1272 | D:3      | Reached skill level 3 in Unarmed Combat
  1455 | D:3      | Reached XP level 5. HP: 41/50 MP: 6/6
  1466 | D:3      | Killed from afar by an orc wizard

Illustrated notes

Levels and vault maps discovered:
D:1:      dpeg_arrival_shrine, layout_loops_cross
D:2:      layout_rooms, tso_altar
D:3:      layout_rooms, xom_teletrap_fun

Skill      XL: |  1  2  3  4 |
---------------+-------------+-----
Fighting       | 2 |  2.5
Unarmed Combat | 3 |  3.2
Throwing       | |  0.8
Dodging        | |  1.9
Spellcasting   | |  1.9
Translocations | |  2.9

Action                   |  1- 3 |  4- 6 || total
-------------------------+-------+-------++-------
Melee: Unarmed           |   109 |    72 ||   181
 Cast: Blink             |     1 |       ||     1
Armor: Robe              |    31 |    32 ||    63
Dodge: Dodged            |    46 |    46 ||    92

Table legend: (Time is in decaauts)
 A = Elapsed time spent in this place.
 B = Non-inter-level travel time spent in this place.
 C = Inter-level travel time spent in this place.
 D = Time resting spent in this place.
 E = Time spent auto-exploring this place.
 F = Levels seen in this place.
 G = Mean time per level.
                   A        B        C        D        E       F      G
               +--------+--------+--------+--------+--------+-----+--------+
         Total |   1455 |   1417 |     38 |      0 |   1014 |   3 |  485.0 |
       Dungeon |   1455 |   1417 |     38 |      0 |   1014 |   3 |  485.0 |
               +--------+--------+--------+--------+--------+-----+--------+

Top non-repeatable levels by time:
     D:1: 680 daAuts
     D:2: 439 daAuts
     D:3: 335 daAuts
